 Dungeon Crawl Stone Soup version 0.22.0-6-g71bd7aa (webtiles) character file.

445 Loudmushroom the Chopper (level 6, -6/56 HPs)
             Began as a Minotaur Fighter on Aug 15, 2018.
             Was an Initiate of Okawaru.
             Killed by nerve-wracking pain
             ... invoked by Grinder
              (11 damage)
             ... on level 5 of the Dungeon.
             The game lasted 00:38:23 (4577 turns).

Loudmushroom the Chopper (Minotaur Fighter)         Turns: 4577, Time: 00:38:24

Health: -6/56      AC: 11    Str: 26    XL:     6   Next: 72%
Magic:  5/5        EV:  8    Int:  3    God:    Okawaru [......]
Gold:   272        SH: 10    Dex: 11    Spells: 5/5 levels left

rFire    . . .     SeeInvis .   F - -3 hand axe (curse)
rCold    . . .     Gourm    .   c - +0 shield
rNeg     . . .     Faith    .   b - +0 scale mail
rPois    .         Spirit   .   (helmet restricted)
rElec    .         Reflect  .   E - +2 cloak
rCorr    .         Harm     .   K - +0 pair of gloves
MR       .....                  (no boots)
Stlth    ..........             (no amulet)
HPRegen  0.18/turn              g - ring of wizardry
MPRegen  0.09/turn              N - -2 ring of intelligence (curse)

@: mighty, lethally poisoned (-6 -> -10)
A: retaliatory headbutt, horns 2
a: Renounce Religion


You were on level 5 of the Dungeon.
You worshipped Okawaru.
Okawaru was noncommittal.
You were not hungry.

You visited 2 branches of the dungeon, and saw 6 of its levels.
You also visited: Sewer.

You collected 272 gold pieces.

Inventory:

Hand Weapons
 a - a +0 war axe
 y - a +0 hunting sling
 A - a +0 hunting sling
 F - a cursed -3 hand axe (weapon)
 H - a +2 broad axe
 I - a +0 morningstar
Missiles
 j - 26 sling bullets
 m - 164 stones
 o - 7 javelins (quivered)
 v - 11 tomahawks
 B - 19 bolts
 D - 10 arrows
Armour
 b - a +0 scale mail (worn)
 c - a +0 shield (worn)
 E - a +2 cloak (worn)
 K - a +0 pair of gloves (worn)
Jewellery
 g - a ring of wizardry (left hand)
 N - a cursed -2 ring of intelligence (right hand)
Scrolls
 e - 2 scrolls of identify
 h - a scroll of blinking
 i - a scroll of fog
 u - 3 scrolls of teleportation
 C - a scroll of fear
Potions
 d - a potion of might
 k - 2 potions of flight
 l - 4 potions of curing
 q - 2 potions of berserk rage {unknown}
 r - a potion of mutation {unknown}
 s - 3 potions of lignification {unknown}
 t - a potion of agility {unknown}
 x - 2 potions of heal wounds {unknown}
 L - 2 potions of invisibility
 M - a potion of brilliance {unknown}
Comestibles
 f - 9 rations


   Skills:
 + Level 5.2 Fighting
 * Level 5.7 Axes
 + Level 5.3 Armour
 + Level 5.1 Shields


You had 5 spell levels left.
You didn't know any spells.
Your spell library was empty.

Dungeon Overview and Level Annotations

Branches:
Dungeon (5/15)             Temple (1/1) D:4

Altars:
Okawaru
Uskayaw

Shops:
D:4 [

Annotations:
D:5 Grinder


Innate Abilities, Weirdness & Mutations

You reflexively headbutt those who attack you in melee.
You have a pair of horns on your head.


Message History

You slash Grinder!
Grinder is moderately wounded.
You slash the worker ant!
You kill the worker ant!
Okawaru accepts your kill.
* * * LOW HITPOINT WARNING * * *
You feel sick.
Grinder blinks!
The giant cockroach bites you but does no damage. x2
* * * LOW HITPOINT WARNING * * *
You feel sick.
Grinder blinks!
You slash the giant cockroach!
You kill the giant cockroach!
Okawaru accepts your kill.
* * * LOW HITPOINT WARNING * * *
You feel sick.
* * * LOW HITPOINT WARNING * * *
You feel sick. Grinder gestures at you. Pain shoots through your body!
You die...

..##.. #.# #....#.###<........
......# ###.##...................
..#..[###......# #...............
.......##......# #........>......
#...........# #...............
##.#.........# #5.............. .
#..........#####...............
..#............#.......#...รท<##..
.............#..@.########....# .
...))...........#o### ###....
###...........###oZ.# #.....
#..#......#..####o### ###...
.......######..##....# #..
..#.....# ##..Z....# .. ......###
####....# .. .##..## #....# #....#


You could see Grinder, 3 orcs and a worker ant zombie.

Vanquished Creatures
  An orc priest (D:4)
  Crazy Yiuf (D:3)
  An orc wizard (D:2)
  6 worker ants
  6 adders
  A river rat (D:4)
  An ooze (D:2)
  An adder skeleton (D:4)
  5 worms
  4 dart slugs
  4 leopard geckos
  9 orcs
  12 bats
  8 giant cockroaches
  11 goblins
  2 hobgoblins
  16 jackals
  2 quokkas
  2 ball pythons (Sewer)
  13 frilled lizards
  7 kobolds
  A leopard gecko zombie (D:5)
  A quokka skeleton (D:4)
  2 rats
117 creatures vanquished.

Notes
Turn   | Place    | Note
-------+----------+-------------------------------------------
     0 | D:1      | Loudmushroom the Minotaur Fighter began the quest for the Orb.
     0 | D:1      | Reached XP level 1. HP: 19/19 MP: 0/0
   109 | D:1      | Reached XP level 2. HP: 27/27 MP: 1/1
   511 | D:1      | Reached XP level 3. HP: 33/33 MP: 2/2
  1062 | D:2      | Reached XP level 4. HP: 34/40 MP: 3/3
  2107 | D:3      | Reached XP level 5. HP: 47/47 MP: 4/4
  2162 | D:3      | Found a runed door.
  2302 | D:3      | Noticed Crazy Yiuf
  2308 | D:3      | Killed Crazy Yiuf
  3060 | D:4      | Reached skill level 5 in Axes
  3060 | D:4      | Reached XP level 6. HP: 41/55 MP: 5/5
  3231 | D:4      | Found a glowing drain.
  3235 | Sewer    | Entered a sewer
  3239 | Sewer    | Reached skill level 5 in Armour
  3369 | Sewer    | Reached skill level 5 in Fighting
  3742 | D:4      | Found an iron altar of Okawaru.
  3745 | D:4      | Became a worshipper of Warmaster Okawaru
  3839 | D:4      | Found a staircase to the Ecumenical Temple.
  3847 | Temple   | Entered the Ecumenical Temple
  4084 | D:4      | Found Emesh's Antique Armour Shoppe.
  4211 | D:5      | Entered Level 5 of the Dungeon
  4233 | D:4      | Reached skill level 5 in Shields
  4533 | D:5      | Noticed Grinder
  4567 | D:5      | Paralysed by Grinder for 5 turns
  4577 | D:5      | Killed from afar by Grinder

Skill      XL: |  1  2  3  4  5  6 |
---------------+-------------------+-----
Axes           | 3 4 5 |  5.7
Armour         | 4 5 |  5.3
Fighting       | 4 5 |  5.2
Shields        | 4 5 |  5.1

Action                   |  1- 3 |  4- 6 || total
-------------------------+-------+-------++-------
Melee: War axe           |    73 |   166 ||   239
       Headbutt          |     7 |    30 ||    37
       Hand axe          |       |    56 ||    56
  Use: Scroll            |       |    13 ||    13
       Potion            |       |     1 ||     1
  Eat: Chunk             |     1 |     9 ||    10
       Ration            |       |     1 ||     1
Armor: Scale mail        |    55 |   120 ||   175
Dodge: Dodged            |    26 |   100 ||   126
Block: Shield            |    56 |   172 ||   228
